[Event "Titled Tuesday Blitz April 18 Late 2023"]
[White "Kosteniuk, Alexandra"]
[Black "Terry, Renato"]
[WhiteFideId "4128125"]
[BlackFideId "3803457"]
[WhiteElo "2453"]
[BlackElo "2575"]
[Result "0-1"]
[Round "06"]
[TimeControl "180+2"]
[Date "2023.04.18"]
[WhiteClock "0:00:01"]
[BlackClock "0:00:25"]

1. e4 g6 2. d4 Bg7 3. Nc3 c6 4. f4 d5 5. e5 Nh6 6. Nf3 f6 7. Be3 O-O 8. Be2 Bg4 9. O-O Bxf3 10. Bxf3 Nf5 11. Bf2 fxe5 12. dxe5 e6 13. Qe1 Nd7 14. Rd1 g5 15. g4 Nh6 16. fxg5 Qxg5 17. Be3 Qxe5 18. Qd2 Nf7 19. Rde1 Qd6 20. Bg2 Nfe5 21. Bf4 Qc5+ 22. Kh1 Nc4 23. Qe2 e5 24. Bc1 e4 25. Nd1 Nce5 26. Ne3 Rxf1+ 27. Rxf1 Rf8 28. Nf5 Qc4 29. Qd1 Ng6 30. b3 Qc3 31. Bd2 Qe5 32. Qe1 Nf6 33. Nxg7 Kxg7 34. g5 Nh5 35. Rxf8 Kxf8 36. Qf2+ Ke8 37. Qxa7 Qa1+ 38. Qg1 Qxa2 39. Qd1 Nhf4 40. Bf1 Qb2 41. Qg4 Qe5 42. Qc8+ Kf7 43. Qxb7+ Ne7 44. Bb4 e3 45. Be1 Qe4+ 46. Kg1 e2 0-1


[Site "https://www.chess.com"]

[Event "Titled Tuesday Blitz April 18 Late 2023"]
[White "Marek, Matyas"]
[Black "Eljanov, Pavel"]
[WhiteFideId "335398"]
[BlackFideId "14102951"]
[WhiteElo "2279"]
[BlackElo "2598"]
[Result "0-1"]
[Round "06"]
[TimeControl "180+2"]
[Date "2023.04.18"]
[WhiteClock "0:01:01"]
[BlackClock "0:02:05"]

1. e4 c6 2. d4 d5 3. f3 e6 4. Nc3 Bb4 5. Bf4 Ne7 6. Qd3 b6 7. Ne2 Ba6 8. Qe3 O-O 9. O-O-O c5 10. a3 Bxc3 11. Nxc3 Bxf1 12. Rhxf1 Nbc6 13. dxc5 d4 14. Qe2 bxc5 15. Qc4 Ng6 16. Ne2 Nxf4 17. Nxf4 Qg5 18. g3 Ne5 19. Qxc5 Nd3+ 0-1


[Site "https://www.chess.com"]

[Event "Titled Tuesday Blitz April 18 Late 2023"]
[White "Durarbayli, Vasif"]
[Black "UnknownxArmy"]
[WhiteFideId "13402935"]
[WhiteElo "2551"]
[BlackElo "2689"]
[Result "1-0"]
[Round "06"]
[TimeControl "180+2"]
[Date "2023.04.18"]
[WhiteClock "0:01:33"]
[BlackClock "0:01:33"]

1. e4 e6 2. d4 d5 3. e5 c5 4. c3 Nc6 5. Nf3 Qb6 6. Be2 Bd7 7. O-O cxd4 8. cxd4 Nge7 9. Na3 Nf5 10. Nc2 Be7 11. Kh1 O-O 12. g4 Nh4 13. Nxh4 Bxh4 14. g5 Qd8 15. Bd3 Bxg5 16. Qh5 h6 17. Rg1 Bxc1 18. Raxc1 f5 19. Rxg7+ Kxg7 20. Rg1+ Qg5 21. Rxg5+ hxg5 22. Qxg5+ Kf7 23. Be2 Rh8 24. Bh5+ Rxh5 25. Qxh5+ Ke7 26. Qg5+ Kf8 27. Qf6+ Kg8 28. Qg6+ Kf8 29. h4 Re8 30. h5 Re7 31. h6 Be8 32. Qf6+ Rf7 33. h7 1-0


[Site "https://www.chess.com"]

[Event "Titled Tuesday Blitz April 18 Late 2023"]
[White "Demchenko, Anton"]
[Black "Prohaszka, Peter"]
[WhiteFideId "4160258"]
[BlackFideId "726265"]
[WhiteElo "2545"]
[BlackElo "2626"]
[Result "1-0"]
[Round "06"]
[TimeControl "180+2"]
[Date "2023.04.18"]
[WhiteClock "0:01:15"]
[BlackClock "0:00:02"]

1. e4 c6 2. d4 d5 3. e5 Bf5 4. Bd3 Bxd3 5. Qxd3 Qa5+ 6. c3 Qb5 7. Qd1 e6 8. Ne2 a5 9. a4 Qa6 10. O-O Ne7 11. Ng3 Nd7 12. Be3 Nf5 13. Nxf5 exf5 14. Re1 Be7 15. e6 fxe6 16. Bf4 Nf8 17. Qh5+ g6 18. Qh6 Bf6 19. Nd2 b6 20. Nf3 Qb7 21. Be5 Qe7 22. Re2 O-O-O 23. Rae1 Rg8 24. Qd2 g5 25. Bxf6 Qxf6 26. b4 g4 27. Ne5 Kc7 28. bxa5 bxa5 29. c4 f4 30. Qxa5+ Kc8 31. Qa8+ Kc7 32. Qxc6+ Kb8 33. Rb2+ 1-0


[Site "https://www.chess.com"]

[Event "Titled Tuesday Blitz April 18 Late 2023"]
[White "Yarar, Bora"]
[Black "Anton Guijarro, David"]
[WhiteFideId "34588400"]
[BlackFideId "2285525"]
[WhiteElo "2273"]
[BlackElo "2618"]
[Result "0-1"]
[Round "06"]
[TimeControl "180+2"]
[Date "2023.04.18"]
[WhiteClock "0:00:20"]
[BlackClock "0:00:17"]

1. e4 c5 2. c3 Nf6 3. e5 Nd5 4. Nf3 d6 5. d4 cxd4 6. cxd4 Nc6 7. Bc4 dxe5 8. Bxd5 Qxd5 9. Nc3 Qd6 10. d5 Nd4 11. Nxd4 exd4 12. Qxd4 e5 13. Qe4 f5 14. Qe2 Kf7 15. O-O Bd7 16. a4 a6 17. b3 Rc8 18. Ba3 Qf6 19. Bxf8 Rhxf8 20. Rac1 e4 21. Qd2 Qd6 22. Qd4 Rfe8 23. Rfd1 Rc7 24. Ne2 Rec8 25. Rxc7 Rxc7 26. g3 Qf6 27. Qb4 b6 28. Nd4 a5 29. Qd2 Qe5 30. Ne2 h6 31. Qe3 Rc5 32. Nf4 g5 33. Ne2 Rxd5 34. Rxd5 Qxd5 35. Nd4 Qc5 36. h4 Kg6 37. hxg5 hxg5 38. Qd2 Bc8 39. Nc2 f4 40. gxf4 gxf4 41. Ne1 Qg5+ 42. Kh2 Qe5 43. Ng2 e3 44. Qd8 f3+ 45. Kg1 exf2+ 46. Kxf2 Qe2+ 47. Kg3 Qxg2+ 48. Kf4 Qg4+ 49. Ke5 Qf5+ 50. Kd4 Qf6+ 51. Qxf6+ Kxf6 52. Ke3 Be6 0-1


[Site "https://www.chess.com"]

[Event "Titled Tuesday Blitz April 18 Late 2023"]
[White "Sieciechowicz, Marcin"]
[Black "Bartel, Mateusz"]
[WhiteFideId "1130170"]
[BlackFideId "1112635"]
[WhiteElo "2302"]
[BlackElo "2521"]
[Result "1/2-1/2"]
[Round "06"]
[TimeControl "180+2"]
[Date "2023.04.18"]
[WhiteClock "0:00:10"]
[BlackClock "0:00:13"]

1. d4 Nf6 2. c4 Nc6 3. Nc3 e5 4. d5 Ne7 5. Bg5 d6 6. Bxf6 gxf6 7. g3 f5 8. Bg2 Bg7 9. Nf3 O-O 10. Qd2 c5 11. h4 Kh8 12. h5 h6 13. Nh4 Ng8 14. e4 Ne7 15. O-O-O fxe4 16. Bxe4 f5 17. Bc2 a6 18. Ng6+ Nxg6 19. hxg6 Kg8 20. Rxh6 Bxh6 21. Qxh6 Qe7 22. Rh1 Qg7 23. Qg5 Qf6 24. Qh5 Qg7 25. g4 fxg4 26. Ne4 Bf5 27. Nxd6 Bxc2 28. Kxc2 Rxf2+ 29. Kb1 Raf8 30. Nf7 R8xf7 31. gxf7+ Rxf7 32. a3 Qh7+ 33. Qxh7+ Rxh7 34. Rg1 Rg7 35. Kc2 Kf7 36. Kd3 Kf6 37. Ke4 Rg5 38. b4 b6 39. bxc5 bxc5 40. Rg2 Ke7 41. Rg1 a5 42. a4 Kd6 43. Rg2 g3 44. Kf3 Rf5+ 45. Kxg3 Rf4 46. Rc2 Rd4 47. Kf3 Rd3+ 48. Ke4 Rd4+ 49. Ke3 Kd7 50. Kf3 Ke7 51. Ke3 Kd6 52. Rc1 Kd7 53. Rc2 Kc7 54. Rc1 Kd6 55. Rc2 Kd7 56. Rc1 Kd6 57. Rc2 1/2-1/2


[Site "https://www.chess.com"]

[Event "Titled Tuesday Blitz April 18 Late 2023"]
[White "Averjanov, Alexey"]
[Black "Kravtsiv, Martyn"]
[WhiteFideId "14109867"]
[BlackFideId "14113147"]
[WhiteElo "2638"]
[BlackElo "2695"]
[Result "1-0"]
[Round "06"]
[TimeControl "180+2"]
[Date "2023.04.18"]
[WhiteClock "0:00:14"]
[BlackClock "0:00:32"]

1. d4 d5 2. c4 e6 3. Nf3 Nf6 4. e3 Be7 5. Nbd2 O-O 6. Bd3 b6 7. O-O Bb7 8. Qe2 c5 9. b3 Nc6 10. Bb2 Nb4 11. Bb1 dxc4 12. Nxc4 Rc8 13. Rd1 Qc7 14. a3 Nbd5 15. dxc5 Bxc5 16. Bd3 Rfd8 17. Rac1 a5 18. h3 h6 19. Bb1 Qe7 20. Nfe5 Ba8 21. a4 Nb4 22. Rxd8+ Rxd8 23. Rd1 Rxd1+ 24. Qxd1 Bd5 25. Kf1 Qb7 26. f3 b5 27. axb5 Qxb5 28. e4 Bxc4+ 29. Nxc4 Be7 30. Bd3 Nxd3 31. Qxd3 Nd7 32. Ne5 Qxd3+ 33. Nxd3 Nb6 34. Bc3 a4 35. Bd4 Nd7 36. bxa4 Bd8 37. Nc5 Nb8 38. Nb7 Bc7 39. Ke2 Kf8 40. Kd3 e5 41. Bc5+ Ke8 42. Kc4 Kd7 43. Kb5 Nc6 44. a5 Bb8 45. Bf8 Nd4+ 46. Kc4 g6 47. Bxh6 Nc2 48. Nc5+ Kc6 49. Bd2 Na3+ 50. Kb3 Nb5 51. Na6 Ba7 52. Nb4+ Kd6 53. Kc4 Na3+ 54. Kd3 f5 55. a6 f4 56. Nd5 Nb5 57. Bb4+ Ke6 58. Kc4 1-0


[Site "https://www.chess.com"]

[Event "Titled Tuesday Blitz April 18 Late 2023"]
[White "Mendez Fortes, Eduardo Jesus"]
[Black "Quesada Perez, Yasser"]
[WhiteFideId "3502376"]
[BlackFideId "3509362"]
[WhiteElo "2307"]
[BlackElo "2496"]
[Result "1-0"]
[Round "06"]
[TimeControl "180+2"]
[Date "2023.04.18"]
[WhiteClock "0:00:04"]
[BlackClock "0:00:01"]

1. e4 d5 2. exd5 Nf6 3. Bb5+ Bd7 4. Be2 Nxd5 5. d4 Bf5 6. Nf3 e6 7. O-O Nb4 8. Na3 Be7 9. c3 Nd5 10. c4 Nb4 11. Bf4 c6 12. Qb3 a5 13. c5 O-O 14. Nc4 Nd7 15. Nd6 b6 16. Nxf5 exf5 17. cxb6 Qxb6 18. Bc4 Nf6 19. Ne5 Nbd5 20. Bxd5 Nxd5 21. Qxb6 Nxb6 22. Nxc6 Bf6 23. Be5 Bxe5 24. dxe5 Rfe8 25. Rac1 f4 26. Rfd1 g5 27. h4 h6 28. Rd6 Kg7 29. Nd4 Rac8 30. Nf5+ Kg8 31. Rxc8 Nxc8 32. Rc6 Ne7 33. Nxe7+ Rxe7 34. Rxh6 Rxe5 35. hxg5 Rxg5 36. Ra6 Rc5 37. Rb6 Kg7 38. Kh2 f6 39. Kh3 Rc2 40. f3 Kg6 41. Rb5 a4 42. a3 f5 43. Kh2 Kg5 44. Rb4 Rd2 45. Kg1 Rc2 46. Kh2 Rd2 47. Kh3 Rc2 48. g3 fxg3 49. Kxg3 Rd2 50. f4+ Kf6 51. Kf3 Rh2 52. Ke3 Kg6 53. Kd4 Rc2 54. Kd3 Rf2 55. Kc3 Kh5 56. Rxa4 Kg4 57. Rd4 Rf1 58. a4 Rc1+ 59. Kb3 Rc5 60. Rb4 Kf3 61. Rb5 1-0


[Site "https://www.chess.com"]

[Event "Titled Tuesday Blitz April 18 Late 2023"]
[White "Lizak, Peter"]
[Black "Rodshtein, Maxim"]
[WhiteFideId "731595"]
[BlackFideId "2806851"]
[WhiteElo "2420"]
[BlackElo "2555"]
[Result "0-1"]
[Round "06"]
[TimeControl "180+2"]
[Date "2023.04.18"]
[WhiteClock "0:00:09"]
[BlackClock "0:00:17"]

1. d4 g6 2. e4 Bg7 3. Nc3 d6 4. Nf3 Nf6 5. Bc4 O-O 6. O-O Bg4 7. h3 Bxf3 8. Qxf3 Nc6 9. Rd1 e5 10. dxe5 Nxe5 11. Qe2 Re8 12. Bb3 Ned7 13. Qc4 Ne5 14. Qe2 Qc8 15. a4 a6 16. a5 Ned7 17. Qc4 Re7 18. Bg5 Ne5 19. Qe2 Re8 20. f4 Nc6 21. Qc4 Rf8 22. Bxf6 Bxf6 23. Nd5 Bxb2 24. Rab1 Bg7 25. Ba4 Re8 26. Bxc6 bxc6 27. Qxc6 Ra7 28. Rb4 h5 29. Rdb1 Kh7 30. Rb7 Rxb7 31. Rxb7 Qe6 32. Rxc7 Qxe4 33. Rxf7 Kh6 34. Qb7 Qe1+ 35. Kh2 h4 36. Qb3 Re2 37. Qf3 Rd2 38. Qg4 Qg3+ 39. Qxg3 hxg3+ 40. Kxg3 Rxd5 41. Ra7 Rxa5 42. Kf3 Ra3+ 43. Ke4 Ra4+ 44. Kd3 Bd4 45. Rd7 Bc5 46. g3 Ra3+ 47. c3 Bb4 48. Kc4 Bxc3 49. Rxd6 a5 50. g4 Bb4 51. Rd7 Rxh3 52. g5+ Kh5 53. Rh7+ Kg4 54. Rxh3 Kxh3 55. f5 gxf5 56. g6 Bf8 57. Kd5 f4 58. Ke4 Kg4 59. Ke5 f3 60. Ke6 f2 61. Kf7 f1=Q+ 62. Kg8 Qf6 63. g7 Qxg7# 0-1


[Site "https://www.chess.com"]

[Event "Titled Tuesday Blitz April 18 Late 2023"]
[White "Koellner, Ruben Gideon"]
[Black "Beerdsen, Thomas"]
[WhiteFideId "12993093"]
[BlackFideId "1030108"]
[WhiteElo "2314"]
[BlackElo "2547"]
[Result "0-1"]
[Round "06"]
[TimeControl "180+2"]
[Date "2023.04.18"]
[WhiteClock "0:00:11"]
[BlackClock "0:01:03"]

1. d4 Nf6 2. Nf3 a6 3. Nbd2 b5 4. e4 Bb7 5. Bd3 c5 6. c3 cxd4 7. cxd4 g6 8. O-O Bg7 9. a3 O-O 10. b4 d5 11. e5 Ne4 12. Nb3 Nd7 13. Nc5 Bc6 14. Re1 a5 15. Bb2 Ndxc5 16. dxc5 f5 17. Nd4 Qd7 18. f3 Ng5 19. e6 Qc7 20. h4 Nh3+ 21. Kf1 Qh2 22. Qd2 Nf4 23. Kf2 Qxh4+ 24. Kg1 Bxd4+ 25. Bxd4 Nxg2 26. Kxg2 Qxd4 27. Rab1 axb4 28. axb4 Ra3 29. Red1 Rfa8 30. Be2 Qf6 31. Kf2 Ra2 32. Qf4 Rc2 33. Rd2 Raa2 34. Rxc2 Rxc2 35. Rh1 h5 36. Rg1 Kg7 37. Rd1 Qb2 38. Qd4+ Qxd4+ 39. Rxd4 Kf6 40. f4 h4 41. Rd3 g5 42. fxg5+ Kxg5 43. Rd1 Kf6 44. Rg1 d4 45. Ke1 Rc1+ 46. Kf2 Rxg1 47. Kxg1 Kxe6 48. Kf2 Ke5 49. Ke1 h3 50. Kf2 h2 51. Bf3 Bxf3 52. Kxf3 h1=Q+ 53. Kg3 Qe4 54. Kf2 d3 55. c6 d2 56. c7 d1=Q 57. c8=Q Qde1# 0-1


[Site "https://www.chess.com"]

[Event "Titled Tuesday Blitz April 18 Late 2023"]
[White "Pinheiro, Iung Alicio de O."]
[Black "Llorente Zaro, Alfonso"]
[WhiteFideId "2104350"]
[BlackFideId "2254131"]
[WhiteElo "2283"]
[BlackElo "2485"]
[Result "0-1"]
[Round "06"]
[TimeControl "180+2"]
[Date "2023.04.18"]
[WhiteClock "0:00:03"]
[BlackClock "0:00:22"]

1. e4 c5 2. Nf3 Nc6 3. c3 Nf6 4. e5 Nd5 5. d4 cxd4 6. Bc4 Nb6 7. Bb3 d5 8. exd6 Qxd6 9. O-O e6 10. Na3 a6 11. Ng5 Be7 12. Qh5 Bxg5 13. Bxg5 O-O 14. Bc2 f5 15. Rad1 e5 16. f4 e4 17. cxd4 Be6 18. d5 Bxd5 19. Bb3 Qc5+ 20. Kh1 Bxb3 21. axb3 Rae8 22. Rfe1 Qb4 23. Nc4 Nxc4 24. bxc4 Rf7 25. Bh4 Qxc4 26. Rd7 Ref8 27. Rd2 a5 28. h3 a4 29. Red1 Nb4 30. Rd4 Qb5 31. Rd8 Nd3 32. Rxf8+ Rxf8 33. Rd2 Qb4 34. Rc2 Qb6 35. Qg5 Qf6 36. Qg3 Qf7 37. Qg5 b5 38. Qg3 b4 39. Kh2 a3 40. bxa3 bxa3 41. Rc6 Ra8 42. Qe3 a2 43. Qd4 a1=Q 44. Qxa1 Rxa1 45. Rc8+ Qf8 46. Rxf8+ Kxf8 47. g4 Ra2+ 48. Kg3 g6 49. gxf5 gxf5 50. Bf6 Kf7 51. Bd4 Kg6 52. Be3 Ra3 53. Bd4 Rb3 54. Be3 Nb4 55. Kf2 Nd5 56. Bc1 Rf3+ 57. Kg2 Nxf4+ 0-1


[Site "https://www.chess.com"]

[Event "Titled Tuesday Blitz April 18 Late 2023"]
[White "Lewicki, Miroslaw"]
[Black "Szpar, Milosz"]
[WhiteFideId "1113380"]
[BlackFideId "1184989"]
[WhiteElo "2212"]
[BlackElo "2436"]
[Result "1-0"]
[Round "06"]
[TimeControl "180+2"]
[Date "2023.04.18"]
[WhiteClock "0:00:06"]
[BlackClock "0:00:07"]

1. g3 d5 2. Bg2 e5 3. d3 c6 4. Nf3 Bd6 5. O-O Nf6 6. b3 O-O 7. Bb2 Re8 8. Nbd2 Nbd7 9. e4 Nf8 10. Qe2 Ng6 11. Rad1 h6 12. h3 Be6 13. exd5 cxd5 14. c4 Qc7 15. Rfe1 d4 16. a3 Rad8 17. b4 Bc8 18. Ne4 Nxe4 19. Qxe4 f5 20. Qe2 Kh7 21. Nd2 Bd7 22. Qh5 Be6 23. h4 Rf8 24. Bxd4 Rde8 25. Bb2 Rf6 26. d4 Bf7 27. c5 Bf8 28. dxe5 Nxe5 29. Qe2 Nc4 30. Qxe8 Bxe8 31. Bxf6 Ba4 32. Nxc4 Bxd1 33. Be5 Qf7 34. Nd6 Bxd6 35. cxd6 Ba4 36. Rc1 Bc6 37. Bxc6 bxc6 38. Rxc6 Qd5 39. Rc5 Qd1+ 40. Kh2 Qd2 41. Kg2 Kg6 42. Bf4 Qd3 43. Rc7 Qd5+ 44. Kh2 Qd4 45. Kg2 Qd5+ 46. Kh2 Kf6 47. d7 Ke7 48. Rxa7 Qf3 49. Be3 f4 50. Bc5+ Ke6 51. d8=Q fxg3+ 52. fxg3 Qe2+ 53. Kh1 Qf1+ 54. Kh2 Qe2+ 55. Kg1 Qe1+ 56. Kg2 Qe2+ 57. Bf2 Qe4+ 58. Kh2 Qf3 59. Re7+ 1-0


[Site "https://www.chess.com"]

[Event "Titled Tuesday Blitz April 18 Late 2023"]
[White "Flores, Diego"]
[Black "Lenaerts, Lennert"]
[WhiteFideId "108049"]
[BlackFideId "211435"]
[WhiteElo "2613"]
[BlackElo "2334"]
[Result "1-0"]
[Round "06"]
[TimeControl "180+2"]
[Date "2023.04.18"]
[WhiteClock "0:00:24"]
[BlackClock "0:01:26"]

1. Nf3 d5 2. c4 c6 3. e3 Nf6 4. Nc3 g6 5. d4 Bg7 6. Be2 O-O 7. O-O Bg4 8. h3 Bxf3 9. Bxf3 e6 10. b3 Qe7 11. Bb2 Nbd7 12. Rc1 Rfd8 13. Qc2 Rac8 14. Qb1 Nb6 15. Be2 Nbd7 16. Rfd1 h5 17. a3 a6 18. Bd3 e5 19. cxd5 cxd5 20. dxe5 Nxe5 21. Be2 Nc6 22. Na4 d4 23. Rd3 Nd7 24. exd4 Qxe2 25. Re1 Qxb2 26. Nxb2 b5 27. d5 Nc5 28. dxc6 Nxd3 29. Nxd3 Rxc6 30. Nb4 Rcd6 31. Nc2 Rd3 32. Ne3 Rc3 33. Rd1 Rdc8 34. Nd5 1-0


[Site "https://www.chess.com"]

[Event "Titled Tuesday Blitz April 18 Late 2023"]
[White "Rosen, Eric"]
[Black "Sargsyan, Shant"]
[WhiteFideId "2032562"]
[BlackFideId "13306766"]
[WhiteElo "2331"]
[BlackElo "2628"]
[Result "1-0"]
[Round "06"]
[TimeControl "180+2"]
[Date "2023.04.18"]
[WhiteClock "0:00:04"]
[BlackClock "0:00:03"]

1. e4 c5 2. Nf3 a6 3. c3 d5 4. exd5 Qxd5 5. d4 Nc6 6. Be3 cxd4 7. cxd4 e5 8. Nc3 Bb4 9. dxe5 Qxd1+ 10. Rxd1 Bg4 11. Be2 Nge7 12. O-O Bxc3 13. bxc3 Nxe5 14. Bc5 Rc8 15. Bb4 N5c6 16. h3 Nxb4 17. cxb4 Be6 18. a3 O-O 19. Nd4 Bd5 20. Rc1 g6 21. Bg4 f5 22. Bf3 Kf7 23. Rfd1 Kf6 24. Rxc8 Rxc8 25. Nxf5 Bxf3 26. Nxe7 Kxe7 27. Re1+ Kd6 28. gxf3 Rc4 29. Kg2 b5 30. Re3 Kd5 31. Rd3+ Rd4 32. Rc3 Rc4 33. Rd3+ Ke6 34. Kg3 Rc1 35. f4 Rg1+ 36. Kf3 Ra1 37. Ke4 Re1+ 38. Kd4 Kd6 39. Re3 Rf1 40. Rd3 Rh1 41. Ke4+ Ke6 42. Re3 Rd1 43. Rd3 Ra1 44. Rc3 Kd6 45. Rd3+ Kc6 46. Rc3+ Kd7 47. Kf3 Rh1 48. Kg3 Rg1+ 49. Kf3 Rd1 50. Kg4 Rd5 51. Kf3 Rh5 52. Ke4 Kd6 53. Rd3+ Ke6 54. Rc3 Kd6 55. Rd3+ Kc6 56. Rc3+ Kb6 57. Rd3 Rh4 58. Ke5 Rh5+ 59. Ke6 Rf5 60. Rd6+ Kb7 61. Rd7+ Kc8 62. Rf7 Rh5 63. Ra7 Rxh3 64. Rxa6 Kb7 65. Ra5 Kb6 66. Ra8 Rf3 67. Rb8+ Kc6 68. Rc8+ Kb7 69. Rh8 h5 70. Rh7+ Kb6 71. Ke5 Rxf2 72. Rh6 Re2+ 73. Kd5 Rd2+ 74. Ke5 Re2+ 75. Kd5 Re3 76. Rxg6+ Kc7 77. Rh6 Rh3 78. Kc5 Rxa3 79. Kxb5 Rf3 80. Rh7+ Kd6 81. Rh6+ Kc7 82. Rh7+ Kd6 83. Rxh5 Rxf4 84. Rc5 Kd7 85. Rc1 Kd6 86. Ka5 Rf8 87. b5 Ra8+ 88. Kb6 Rb8+ 89. Ka6 Rh8 90. b6 Kd7 91. Kb7 Rh7 92. Rd1+ Ke6+ 93. Kb8 Rh2 94. b7 Rb2 95. Rd4 Ke7 96. Rd5 Ke6 97. Ra5 Kd7 98. Rc5 Ra2 99. Rc1 Ra3 100. Rd1+ Ke7 101. Rd4 Ke6 102. Kc7 Rc3+ 103. Kb6 Ke5 104. Rd8 Rb3+ 105. Ka6 Ra3+ 106. Kb5 Rb3+ 107. Kc6 Rc3+ 108. Kd7 Rd3+ 109. Ke7 1-0


[Site "https://www.chess.com"]

[Event "Titled Tuesday Blitz April 18 Late 2023"]
[White "Srinath, Rao S.V."]
[Black "Hansen, Eric"]
[WhiteFideId "5028876"]
[BlackFideId "2606771"]
[WhiteElo "2196"]
[BlackElo "2561"]
[Result "0-1"]
[Round "06"]
[TimeControl "180+2"]
[Date "2023.04.18"]
[WhiteClock "0:00:03"]
[BlackClock "0:00:24"]

1. e4 c5 2. Nf3 e6 3. c3 Nf6 4. e5 Nd5 5. d4 cxd4 6. cxd4 b6 7. Bc4 Bb7 8. O-O d6 9. Nc3 Nxc3 10. bxc3 Qc7 11. Bb5+ Nd7 12. Bf4 a6 13. Bxd7+ Qxd7 14. exd6 Bxd6 15. Ne5 Qc7 16. Qg4 O-O 17. Rae1 b5 18. Re3 f5 19. Qh5 Rf6 20. Rh3 h6 21. Rg3 Kh7 22. Re1 Qc8 23. Bg5 Bxe5 24. dxe5 Rg6 25. Bxh6 Rxg3 26. Bd2+ Kg8 27. hxg3 Qc6 28. f3 Rd8 29. Qg5 Rd7 30. g4 fxg4 31. Re4 gxf3 32. Rh4 fxg2 33. Qg6 Qc5+ 0-1


[Site "https://www.chess.com"]

[Event "Titled Tuesday Blitz April 18 Late 2023"]
[White "Vivekananthan, Anish"]
[Black "MKlose11"]
[WhiteFideId "2090775"]
[WhiteElo "2831"]
[BlackElo "2578"]
[Result "1-0"]
[Round "06"]
[TimeControl "180+2"]
[Date "2023.04.18"]
[WhiteClock "0:00:43"]
[BlackClock "0:00:02"]

1. d4 Nf6 2. Nf3 c5 3. dxc5 Qa5+ 4. Nbd2 Qxc5 5. e3 d5 6. a3 Bg4 7. c4 e6 8. b4 Qc7 9. Bb2 Be7 10. Rc1 dxc4 11. Rxc4 Qd7 12. Rd4 Qc8 13. Bb5+ Nc6 14. h3 Bh5 15. O-O O-O 16. Rc4 Qd7 17. Qa4 Rac8 18. Rfc1 Nd5 19. Ne5 Qd6 20. Ne4 Qd8 21. Nxc6 bxc6 22. Rxc6 Rxc6 23. Bxc6 Bg6 24. Nc3 Nxc3 25. Bxc3 Bf6 26. Bxf6 Qxf6 27. Qxa7 Qb2 28. Qc5 Qxa3 29. b5 Qb2 30. b6 h5 31. b7 Kh7 32. Qxf8 Qxc1+ 33. Kh2 1-0


[Site "https://www.chess.com"]

[Event "Titled Tuesday Blitz April 18 Late 2023"]
[White "Baskakov, Egor"]
[Black "Perske, Thore"]
[WhiteFideId "24197866"]
[BlackFideId "12902195"]
[WhiteElo "2212"]
[BlackElo "2336"]
[Result "1-0"]
[Round "06"]
[TimeControl "180+2"]
[Date "2023.04.18"]
[WhiteClock "0:01:21"]
[BlackClock "0:00:08"]

1. e4 e6 2. Nc3 d5 3. g3 Nf6 4. Bg2 c5 5. Nge2 Nc6 6. exd5 exd5 7. d4 Bf5 8. O-O Be7 9. Bg5 O-O 10. dxc5 d4 11. Bxf6 Bxf6 12. Nd5 d3 13. cxd3 Bxb2 14. Rb1 Ba3 15. Rxb7 Bxc5 16. Qa4 Na5 17. Rb5 Bd7 18. Qxa5 Bxb5 19. Qxb5 Bd6 20. Nd4 Rb8 21. Qa4 Qg5 22. Nc6 Rb2 23. Qxa7 Qd2 24. Nce7+ Kh8 25. Nf5 Be5 26. Qe7 1-0


[Site "https://www.chess.com"]

[Event "Titled Tuesday Blitz April 18 Late 2023"]
[White "Fier, Alexandr"]
[Black "Melikyan, Gnel"]
[WhiteFideId "2107139"]
[BlackFideId "54109990"]
[WhiteElo "2610"]
[BlackElo "2138"]
[Result "0-1"]
[Round "06"]
[TimeControl "180+2"]
[Date "2023.04.18"]
[WhiteClock "0:02:09"]
[BlackClock "0:00:59"]

1. d4 Nf6 2. Bg5 c6 3. Bxf6 exf6 4. e4 d5 5. Nc3 Bb4 6. exd5 Qxd5 7. Nf3 O-O 8. Be2 Re8 9. O-O Qa5 10. Qd3 Bf5 11. Qd2 Nd7 12. a3 Bxc3 13. bxc3 Nb6 14. Rfe1 Re7 15. Bf1 Rxe1 16. Rxe1 Qxa3 17. c4 Rd8 18. Qf4 Be6 19. Qc7 Rd7 20. Qb8+ Qf8 21. Qxa7 Nxc4 22. c3 h6 23. h3 Bd5 24. Nh4 g6 25. Bd3 Kg7 26. Qa1 Re7 27. Rd1 Qe8 28. Qb1 Nd2 29. Qc2 Re1+ 30. Kh2 Rxd1 31. Qxd1 Ne4 32. c4 Nxf2 33. Qf1 Nxd3 34. Qxd3 Qe4 35. Qg3 Bxc4 36. Nf3 Bd5 37. Ne1 Qxd4 38. Qc7 Qe5+ 0-1


[Site "https://www.chess.com"]

[Event "Titled Tuesday Blitz April 18 Late 2023"]
[White "Omranalhosani21"]
[Black "Kushko, Dmitriy"]
[BlackFideId "14162261"]
[WhiteElo "2566"]
[BlackElo "2230"]
[Result "1-0"]
[Round "06"]
[TimeControl "180+2"]
[Date "2023.04.18"]
[WhiteClock "0:00:03"]
[BlackClock "0:00:08"]

1. d4 g6 2. c4 Bg7 3. Nc3 d6 4. e4 e5 5. Nf3 Bg4 6. dxe5 dxe5 7. Qxd8+ Kxd8 8. Be2 Bxf3 9. Bxf3 Nc6 10. Be3 Bh6 11. O-O-O+ Nd4 12. c5 Kc8 13. Kb1 Bxe3 14. fxe3 Ne6 15. Bg4 Nf6 16. Bxe6+ fxe6 17. Rhf1 Rf8 18. Rf2 Nd7 19. Rxf8+ Nxf8 20. Rf1 Kd7 21. Rf7+ Kc6 22. b4 Rd8 23. Kc2 b6 24. b5+ Kxc5 25. Rxc7+ Kd6 26. Rxa7 Nd7 27. a4 Rf8 28. Kb3 Rf2 29. a5 bxa5 30. Rxa5 Rxg2 31. Ra6+ Kc7 32. Ra7+ Kd6 33. Ra6+ Kc7 34. Ra7+ Kc8 35. Na4 Re2 36. b6 Rxe3+ 37. Kb4 Rxe4+ 38. Kb5 Re1 39. Kc6 Rc1+ 40. Kd6 e4 41. Ra8+ Kb7 42. Ra7+ Kc8 43. Ra8+ Nb8 44. Nc5 Rxc5 45. Kxc5 Kb7 46. Ra7+ Kc8 47. Ra3 Nd7+ 48. Kc6 Ne5+ 49. Kb5 Ng4 50. Ra4 Nf6 51. Kc6 Kb8 52. b7 1-0


[Site "https://www.chess.com"]

[Event "Titled Tuesday Blitz April 18 Late 2023"]
[White "Goltsev, Dmitry"]
[Black "Blomqvist, Erik"]
[WhiteFideId "24176710"]
[BlackFideId "1709437"]
[WhiteElo "2336"]
[BlackElo "2436"]
[Result "1-0"]
[Round "06"]
[TimeControl "180+2"]
[Date "2023.04.18"]
[WhiteClock "0:00:07"]
[BlackClock "0:00:01"]

1. e4 c5 2. Nf3 d6 3. d4 cxd4 4. Nxd4 Nf6 5. Nc3 g6 6. Be2 Nc6 7. Be3 Bg7 8. O-O O-O 9. f4 Qb6 10. Na4 Qa5 11. Nc3 Qb6 12. Na4 Qc7 13. Bf3 Nxd4 14. Bxd4 e5 15. Be3 Bd7 16. Nc3 exf4 17. Bxf4 Qb6+ 18. Kh1 Qxb2 19. Qd3 Rac8 20. Bd2 Ng4 21. Rab1 Rxc3 22. Qxd6 Rxf3 23. gxf3 Qe5 24. Bf4 Qxd6 25. Bxd6 Ne3 26. Bxf8 Bxf8 27. Rxb7 Bh3 28. Rf2 Bc5 29. a4 Nd1 30. Rd2 Nf2+ 31. Rxf2 Bxf2 32. c4 h5 33. Rc7 h4 34. Rb7 Bf1 35. Rb1 Bxc4 36. Kg2 Bb6 37. Kh3 Bf2 38. Rc1 Be6+ 39. Kg2 Be3 40. Rc7 Kg7 41. a5 Kf6 42. a6 Kg5 43. Rb7 Kf4 44. h3 1-0


[Site "https://www.chess.com"]

[Event "Titled Tuesday Blitz April 18 Late 2023"]
[White "Timmermans, Mark"]
[Black "Zarnicki, Pablo"]
[WhiteFideId "1026399"]
[BlackFideId "100137"]
[WhiteElo "2460"]
[BlackElo "2468"]
[Result "1-0"]
[Round "06"]
[TimeControl "180+2"]
[Date "2023.04.18"]
[WhiteClock "0:00:23"]
[BlackClock "0:00:21"]

1. Nf3 Nf6 2. c4 g6 3. Nc3 Bg7 4. g3 d6 5. Bg2 O-O 6. O-O c5 7. Rb1 Nc6 8. a3 a5 9. e3 Bf5 10. d3 Qd7 11. Re1 Bh3 12. Bh1 e5 13. Nd5 Nxd5 14. cxd5 Ne7 15. e4 h6 16. b4 cxb4 17. axb4 a4 18. b5 f5 19. Ba3 Rf7 20. Qd2 Raf8 21. Qb4 Nc8 22. Nd2 f4 23. f3 fxg3 24. hxg3 h5 25. Kf2 Bh6 26. Ke2 Qe7 27. Nc4 Qg5 28. Bc1 Qxg3 29. Bxh6 Rxf3 30. Bxf3 Rxf3 31. Kd2 Rxd3+ 32. Kc2 Rd4 33. Qc3 Qf2+ 34. Bd2 Bg2 35. Rbd1 Bxe4+ 36. Kc1 Rd3 37. Qa5 Bf5 38. Qd8+ Kf7 39. Qc7+ Kg8 40. Ne3 Rxd2 41. Nxf5 Ra2 42. Qg7# 1-0


[Site "https://www.chess.com"]